 Dungeon Crawl Stone Soup version 0.21.0 (webtiles) character file.

113 MTVSty1e the Chopper (level 4, -4/41 HPs)
             Began as a Minotaur Monk on Jan 7, 2018.
             Slain by Grinder (6 damage)
             ... on level 3 of the Dungeon.
             The game lasted 00:03:44 (2392 turns).

MTVSty1e the Chopper (Minotaur Monk)                Turns: 2392, Time: 00:03:46

Health: -4/41      AC:  6    Str: 17    XL:     4   Next: 65%
Magic:  3/3        EV: 12    Int:  7    God:
Gold:   134        SH:  0    Dex: 12    Spells: 3/3 levels left

rFire    . . .     SeeInvis .   a - +0 hand axe
rCold    . . .     Gourm    .   (no shield)
rNeg     . . .     Faith    .   o - +0 scale mail
rPois    .         Spirit   .   (helmet restricted)
rElec    .         Reflect  .   (no cloak)
rCorr    .         Harm     .   (no gloves)
MR       .....                  (no boots)
Stlth    ..........             (no amulet)
HPRegen  0.13/turn              l - +2 ring of evasion
MPRegen  0.08/turn              (no ring)

@: no status effects
A: retaliatory headbutt, horns 2
a: no special abilities


You were on level 3 of the Dungeon.
You were not hungry.

You visited 1 branch of the dungeon, and saw 3 of its levels.

You collected 134 gold pieces.

Inventory:

Hand Weapons
 a - a +0 hand axe (weapon)
Armour
 b - a +0 robe
 o - a +0 scale mail (worn)
Jewellery
 l - a +2 ring of evasion (left hand)
Scrolls
 e - 3 scrolls of enchant weapon {unknown}
 f - a scroll of blinking {unknown}
 g - 2 scrolls of identify {unknown}
 h - 2 scrolls of fog {unknown}
 m - 2 scrolls of remove curse {unknown}
 n - 5 scrolls of teleportation {unknown}
 p - a scroll of random uselessness {unknown}
 q - a scroll of enchant armour {unknown}
Potions
 d - a potion of might {unknown}
 i - a potion of brilliance
 j - a potion of haste {unknown}
 k - a potion of heal wounds {unknown}


   Skills:
 + Level 4.8 Fighting
 * Level 5.8 Axes
 - Level 3.2 Dodging
 - Level 1.5 Stealth


You had 3 spell levels left.
You didn't know any spells.

Dungeon Overview and Level Annotations

Branches:
Dungeon (3/15)

Altars:

Annotations:
D:3 Grinder


Innate Abilities, Weirdness & Mutations

You reflexively headbutt those who attack you in melee.
You have a pair of horns on your head.


Message History

Grinder misses you.
You closely miss Grinder. You headbutt Grinder.
Grinder is heavily wounded.
Grinder gestures at you. Pain shoots through your body!
You slash Grinder! You headbutt Grinder, but do no damage.
Grinder is severely wounded.
Grinder gestures at you. Pain shoots through your body!
* * * LOW HITPOINT WARNING * * *
You hit Grinder.
Grinder is severely wounded.
Grinder completely misses you.
You hit Grinder but do no damage. Your headbutt misses Grinder.
Grinder is severely wounded.
Grinder says, "Wait up."
Grinder hits you!
* * * LOW HITPOINT WARNING * * *
You writhe in agony.
You die...

##.... %......
...... #.....
.##.....###..[.#
...............#
...............#
?......#.......#
............5..## .
.......<....@...# ..
................#..$
...g................
...............#..#.
...........รท<.## .#
..............# #
#####.........#
............
#.####.......


You could see Grinder.

Vanquished Creatures
  Jessica (D:2)
  Robin (D:2)
  2 adders (D:2)
  2 dart slugs (D:1)
  A worm (D:2)
  5 orcs (D:2)
  A ball python (D:2)
  4 bats (D:1)
  2 giant cockroaches (D:2)
  10 goblins
  8 hobgoblins
  2 jackals (D:1)
  A quokka (D:3)
  2 frilled lizards (D:2)
42 creatures vanquished.

Notes
Turn   | Place    | Note
-------+----------+-------------------------------------------
     0 | D:1      | MTVSty1e the Minotaur Monk began the quest for the Orb.
     0 | D:1      | Reached XP level 1. HP: 19/19 MP: 0/0
   352 | D:1      | Reached skill level 4 in Axes
   426 | D:1      | Reached XP level 2. HP: 27/27 MP: 1/1
   883 | D:2      | Noticed Jessica
   890 | D:2      | Killed Jessica
   890 | D:2      | Reached XP level 3. HP: 27/33 MP: 2/2
  1012 | D:2      | Noticed Robin
  1013 | D:2      | Reached skill level 5 in Axes
  1020 | D:2      | Killed Robin
  1023 | D:2      | Reached XP level 4. HP: 33/41 MP: 3/3
  1607 | D:3      | Noticed Grinder
  2392 | D:3      | HP: 2/41 [Grinder (8)]
  2392 | D:3      | Slain by Grinder

Skill      XL: |  1  2  3 |
---------------+----------+-----
Axes           | 4 5 |  5.8
Fighting       | 4 |  4.8
Dodging        | |  3.2
Stealth        | |  1.5

Action                   |  1- 3 |  4- 6 || total
-------------------------+-------+-------++-------
Melee: Hand axe          |    42 |    73 ||   115
       Headbutt          |     4 |    12 ||    16
  Use: Potion            |       |     1 ||     1
 Stab: Sleeping          |     1 |       ||     1
  Eat: Ration            |       |     2 ||     2
Armor: Robe              |     7 |       ||     7
       Scale mail        |     2 |    15 ||    17
Dodge: Dodged            |    29 |    59 ||    88
